 Dungeon Crawl Stone Soup version 0.30.1 (webtiles) character file.

Game seed: 6047924299648704476

147 Tirrikindir the Shield-Bearer (level 5, 0/36 HPs)
             Began as an Octopode Fighter on July 12, 2023.
             Slain by a goblin
             ... wielding a +0 club
             ... led by Robin
              (3 damage)
             ... on level 2 of the Dungeon.
             The game lasted 00:03:27 (1178 turns).

Tirrikindir the Shield-Bearer (Octopode Fighter)    Turns: 1178, Time: 00:03:28

Health: 0/36       AC:  1    Str: 16    XL:     5   Next: 29%
Magic:  5/5        EV: 13    Int: 10    God:
Gold:   96         SH:  0    Dex: 13    Spells: 4/4 levels left

rFire   . . .        a - +1 long sword
rCold   . . .        b - +0 buckler
rNeg    . . .        (helmet restricted)
rPois   .            (no amulet)
rElec   .            (no ring)
rCorr   .            (no ring)
SInv    .            (no ring)
Will    .....        (no ring)
Stlth   ++           (no ring)
HPRegen 0.26/turn    (no ring)
MPRegen 0.09/turn    (no ring)
                     (no ring)

%: no passive effects
@: confused, mighty, ambrosia-drunk
A: almost no armour, amphibious, 8 rings, camouflage 1, gelatinous body 1,
(nimble swimmer 1), tentacles
a: no special abilities


You were on level 2 of the Dungeon.
You visited 1 branch of the dungeon, and saw 2 of its levels.

You collected 96 gold pieces.

Inventory:

Hand Weapons
 a - a +1 long sword (weapon)
Armour
 b - a +0 buckler (worn)
Jewellery
 f - a ring of ice
Potions
 d - a potion of flight
 g - a potion of heal wounds {unknown}
 h - a potion of brilliance {unknown}


   Skills:
 + Level 3.4 Fighting
 * Level 3.5 Long Blades
 + Level 3.6 Dodging
 + Level 2.5 Stealth
 + Level 3.6 Shields


You had 4 spell levels left.
You didn't know any spells.
Your spell library contained the following spells:

 Spells                   Type           Power      Damage    Failure   Level
 Poisonous Vapours        Pois/Air       0%         N/A       58%         2
 Mephitic Cloud           Conj/Pois/Air  0%         N/A       82%         3
 Freezing Cloud           Conj/Ice/Air   0%         6-21      100%        5


Dungeon Overview and Level Annotations

Branches:
Dungeon (2/15)

Altars:

Annotations:
D:2 Robin


Innate Abilities, Weirdness & Mutations

You cannot wear most types of armour.
You are amphibious.
You can wear up to eight rings at the same time.
Your skin changes colour to match your surroundings (Stealth+).
Your rubbery body absorbs attacks. (AC +1, EV +1)
((You are camouflaged when in or above water. (Stealth+)))
You have tentacles for arms and can constrict up to eight enemies at once.


Message History

You hit the goblin.
You kill the goblin!
You closely miss the hobgoblin. Your grab misses the hobgoblin.
You squeeze the hobgoblin.
You kill the hobgoblin!
Robin says, "Kneel, worm!"
You feel very mighty all of a sudden.
Robin roars a battlecry!
The goblins go into a battle-frenzy!
The hobgoblin hits you.
You closely miss the hobgoblin. You grab the hobgoblin.
You constrict the hobgoblin.
Robin laughs in a distinctly smug fashion.
Robin throws the goblin at you! You block the hobgoblin's attack.
The hobgoblin barely misses you. The goblin barely misses you.
You closely miss the goblin. Your grab misses the goblin.
You constrict the hobgoblin.
You kill the hobgoblin!
You block the goblin's attack.
You slash the goblin!
You kill the goblin!
Robin says, "Kneel, worm!"
Robin throws the goblin at you! The goblin hits you with a +0 club.
The goblin barely misses you.
You closely miss the goblin. You grab the goblin. You constrict the goblin.
The goblin misses you. You block the goblin's attack.
You slash the goblin!
You kill the goblin!
Robin throws the goblin at you! The goblin hits you with a +0 club. x2
* * * LOW HITPOINT WARNING * * *
Robin throws the goblin at you!
* * * LOW HITPOINT WARNING * * *
You block the goblin's attack.
You are confused.
You feel invigorated. The goblin hits you with a +0 club.
* * * LOW HITPOINT WARNING * * *
The goblin hits you with a +0 dagger.
* * * LOW HITPOINT WARNING * * *
The goblin hits you with a +0 club.
You die... #. ##......##.. ###..##.........###g .......#######.# . ...... #....# . ....#. #.#### . .g.....###.# #gg

#......# #
#g#...#.#..#
#.###@###.#.#<.####
#...gg).....##....#
#.....#.#....####.####
#.###.....##+####.....
#......##..J..........
######.# )........#.##
#......# ............)
#....####.........##..
#.#...............##..


You could see Robin, a hobgoblin (strong) and 4 goblins.

Vanquished Creatures
  Terence (D:2)
  3 gnolls (D:2)
  3 adders (D:2)
  A worm (D:2)
  2 dart slugs
  7 bats
  3 endoplasms
  2 giant cockroaches (D:1)
  13 goblins
  5 hobgoblins
  2 jackals (D:2)
  7 kobolds
  2 quokkas (D:1)
  5 ball pythons
  A frilled lizard (D:1)
  7 rats (D:1)
64 creatures vanquished.

Notes
Turn   | Place    | Note
-------+----------+-------------------------------------------
     0 | D:1      | Tirrikindir the Octopode Fighter began the quest for the
                  | Orb.
     0 | D:1      | Reached XP level 1. HP: 16/16 MP: 1/1
   214 | D:1      | Reached XP level 2. HP: 21/21 MP: 2/2
   240 | D:1      | Reached skill level 1 in Stealth
   306 | D:1      | Reached XP level 3. HP: 26/26 MP: 3/3
   731 | D:2      | Noticed Terence
   743 | D:2      | Killed Terence
   744 | D:2      | Reached XP level 4. HP: 15/31 MP: 4/4
   901 | D:2      | Reached XP level 5. HP: 33/36 MP: 5/5
  1169 | D:2      | Noticed Robin
  1178 | D:2      | Slain by a goblin

Illustrated notes

Levels and vault maps discovered:
D:1:      noname_arrival_rooms_in_the_neighbourhood, layout_loops_ring,
          minmay_quantized
D:2:      minmay_diamond_boxcup, layout_basic, uniq_robin, uniq_terence

Skill      XL: |  1  2  3  4 |
---------------+-------------+-----
Stealth        | 1 2 |  2.5
Long Blades    | 3 |  3.5
Fighting       | |  3.4
Dodging        | |  3.6
Shields        | |  3.6

Action                     |  1- 3 |  4- 6 || total
---------------------------+-------+-------++-------
  Melee: Long sword        |    75 |    43 ||   118
         Constrict         |    17 |    12 ||    29
         Tentacles         |    11 |     4 ||    15
         Punch             |     2 |       ||     2
    Use: Scroll            |     1 |     2 ||     3
         Potion            |       |     3 ||     3
   Stab: Sleeping          |     7 |     5 ||    12
 Armour: Skin              |    10 |     4 ||    14
  Dodge: Dodged            |    50 |    31 ||    81
  Block: Buckler           |    13 |    16 ||    29
